Map: Divergence LE

Players

Ratl

  • Race: Protoss Protoss
  • League: Silver
  • Spawn Location: 5:00

Chacal

  • Race: Terran Terran
  • Spawn Location: 5:00

A.I. 2 (Very Hard)

  • Race: Zerg Zerg
  • Spawn Location: 11:00

A.I. 3 (Harder)

  • Race: Terran Terran
  • Spawn Location: 11:00

VOD

Have the link to the VOD?

Description

Time

  • Played on: Jan. 14, 2020, 5:11 p.m.
  • Length: 11:19
Show
View Real Time Build Order
Export as new Build Order

Ratl Protoss 

Build Orders:  

Get SALT Encoding   

  12  0:01  Probe  
  13  0:13  Probe  
  14  0:18  Pylon  
  14  0:25  Probe  
  15  0:37  Probe  
  15  0:40  Gateway  
  16  0:49  Probe  
  17  0:57  Gateway  
  17  1:01  Probe  
  18  1:11  Assimilator  
  18  1:13  Probe  
  19  1:19  Assimilator  
  19  1:25  Probe  
  19  1:30  Cybernetics Core  
  20  1:38  Probe  
  21  1:50  Probe  
  22  2:02  Probe  
  23  2:13  Pylon  
  23  2:16  Warp Gate (Chrono Boost)  
  23  2:18  Pylon  
  23  2:30  Stalker x2  
  23  2:32  Probe  
  28  2:44  Probe  
  29  2:56  Probe  
  30  3:00  Robotics Facility  
  30  3:12  Probe  
  31  3:18  Stalker  
  31  3:19  Stalker  
  35  3:24  Probe  
  36  4:00  Pylon  
  36  4:05  Stalker  
  38  4:10  Pylon  
  38  4:13  Pylon  
  38  4:18  Pylon, Immortal  
  42  4:42  Probe, Nexus  
  42  4:45  Assimilator  
  43  4:48  Assimilator  
  43  4:54  Probe  
  43  4:57  Stargate  
  43  4:58  Stargate  
  44  5:01  Protoss Air Weapons Level 1  
  44  5:03  Immortal  
  48  5:13  Probe (Chrono Boost)  
  49  5:24  Probe (Chrono Boost)  
  50  5:28  Probe (Chrono Boost)  
  51  5:42  Probe (Chrono Boost), Warp Prism  
  54  5:54  Probe (Chrono Boost), Fleet Beacon  
  54  5:56  Twilight Council  
  55  5:59  Probe (Chrono Boost)  
  55  6:00  Pylon  
  55  6:01  Pylon  
  55  6:02  Probe  
  57  6:08  Probe  
  58  6:14  Probe  
  59  6:20  Probe  
  60  6:27  Probe  
  57  6:36  Probe  
  57  6:39  Probe  
  59  6:43  Nexus  
  59  6:45  Assimilator  
  59  6:49  Assimilator  
  59  6:51  Pylon  
  59  6:53  Void Ray  
  59  6:54  Pylon, Void Ray  
  67  7:08  Pylon  
  67  7:11  Probe x2  
  67  7:13  Cybernetics Core  
  67  7:14  Immortal  
  73  7:44  Probe x2  
  75  7:56  Probe x2  
  77  8:03  Immortal  
  81  8:08  Probe x2  
  81  8:09  Void Ray x2  
  81  8:39  Stalker x2  
  85  8:51  Immortal  
  85  8:52  Void Ray x2  
  85  8:57  Probe x3  
  100  9:04  Stalker x2  
  104  9:14  Unknown  
  104  9:18  Pylon  
  104  9:23  Protoss Air Armor Level 1 (Chrono Boost)  
  104  9:27  Stargate  
  104  9:28  Stargate  
  104  9:31  Gateway  
  104  9:33  Gateway  
  104  9:34  Gateway  
  104  9:35  Gateway  
  104  9:38  Pylon  
  104  9:44  Pylon  
  104  9:47  Gateway  
  104  9:49  Gateway  
  104  10:01  Forge  
  104  10:02  Forge  
  104  10:04  Stalker x2  
  108  10:08  Immortal  
  112  10:14  Assimilator  
  112  10:18  Assimilator  
  112  10:20  Nexus  
  112  10:22  Pylon  
  112  10:25  Pylon  
  112  10:27  Pylon  
  112  10:31  Pylon  
  108  10:48  Stalker x3  
  108  10:49  Stalker x3  
  60  11:09  Stalker x2  
Show
View Real Time Build Order
Export as new Build Order

Chacal Terran 

Build Orders:  

Get SALT Encoding   

  12  0:03  SCV  
  13  0:15  SCV  
  14  0:23  Supply Depot  
  14  0:40  SCV  
  15  0:51  Supply Depot  
  15  0:52  SCV  
  17  1:04  SCV  
  17  1:12  Refinery  
  17  1:16  SCV, Barracks  
  18  1:28  SCV  
  19  1:40  SCV  
  20  1:52  SCV  
  21  2:02  Refinery  
  21  2:04  SCV, Barracks  
  22  2:16  Marine, SCV  
  24  2:33  Marine  
  25  2:51  Marine  
  25  2:53  SCV  
  25  2:54  Engineering Bay  
  27  3:05  SCV  
  28  3:09  Marine  
  29  3:17  SCV  
  30  3:27  Reaper  
  31  3:35  Command Center  
  31  3:41  Supply Depot  
  31  3:52  Terran Infantry Weapons Level 1  
  34  4:02  SCV, Reaper x2  
  34  4:05  Supply Depot  
  34  4:15  SCV  
  35  4:26  Factory  
  35  4:27  SCV  
  36  4:35  Supply Depot, Reaper x2  
  38  4:39  SCV  
  39  4:51  SCV  
  40  4:54  Orbital Command  
  40  4:58  Supply Depot  
  40  5:03  SCV  
  40  5:06  Marine, Refinery  
  40  5:07  Reaper  
  43  5:15  SCV  
  44  5:24  Marine  
  44  5:27  SCV  
  46  5:32  SCV  
  47  5:37  Widow Mine  
  47  5:38  Marine  
  47  5:39  SCV  
  47  5:42  Marine  
  52  5:44  SCV  
  52  5:46  Terran Infantry Armor Level 1  
  53  5:56  SCV, Marine  
  55  5:59  Widow Mine  
  57  6:08  SCV  
  57  6:10  Supply Depot  
  58  6:14  Reaper  
  59  6:20  SCV, Widow Mine  
  61  6:32  SCV, Supply Depot  
  60  6:41  Widow Mine  
  60  6:44  SCV  
  60  6:46  Reaper  
  64  6:53  Marine  
  65  7:03  Widow Mine  
  67  7:11  Reaper  
  68  7:19  Reaper  
  69  7:24  Hellion  
  69  7:29  Factory  
  71  7:40  Hi-Sec Auto Tracking  
  71  7:43  Reaper  
  72  7:46  Hellion  
  72  7:51  Reaper  
  75  7:56  SCV  
  76  8:04  Refinery  
  76  8:07  Widow Mine  
  76  8:08  SCV  
  79  8:15  Reaper  
  79  8:16  Supply Depot  
  80  8:20  SCV  
  80  8:23  Reaper  
  81  8:28  Widow Mine  
  81  8:32  SCV  
  69  8:37  Neosteel Armor  
  69  8:44  SCV  
  69  8:47  Reaper  
  71  8:50  Widow Mine  
  71  8:55  Reaper  
  74  8:58  Supply Depot  
  74  9:11  Widow Mine  
  74  9:14  Factory Tech Lab  
  76  9:19  Reaper  
  77  9:27  Reaper  
  78  9:31  Supply Depot  
  78  9:33  Widow Mine  
  80  9:51  Reaper  
  80  9:52  Supply Depot  
  81  9:53  Supply Depot  
  81  9:54  Widow Mine  
  81  9:59  Reaper  
  84  10:11  SCV  
  85  10:15  Widow Mine  
  85  10:20  Missile Turret  
  87  10:23  SCV, Reaper  
  89  10:31  Reaper  
  89  10:35  SCV  
  91  10:37  Widow Mine  
  93  10:46  Cyclone  
  93  10:47  SCV  
  98  10:58  Widow Mine  
  98  10:59  SCV  
Show
View Real Time Build Order
Export as new Build Order

A.I. 2 (Very Hard) Zerg 

Build Orders: Pool First 

Get SALT Encoding   

  12  0:01  Drone  
  13  0:12  Overlord  
  13  0:16  Drone  
  14  0:31  Drone x2  
  14  0:34  Drone  
  17  0:46  Spawning Pool  
  17  0:48  Drone  
  17  0:56  Drone  
  18  0:58  Extractor  
  17  1:06  Drone  
  18  1:17  Drone  
  19  1:34  Zergling x2, Hatchery  
  19  1:38  Queen  
  21  1:42  Extractor  
  21  1:44  Drone  
  21  1:49  Drone  
  22  2:00  Overlord  
  22  2:18  Queen  
  22  2:19  Drone  
  22  2:21  Drone  
  26  2:32  Drone  
  27  2:43  Drone  
  28  2:45  Drone  
  28  2:49  Roach Warren  
  28  2:52  Drone  
  28  2:58  Drone  
  30  3:04  Zergling x2  
  31  3:07  Zergling x2  
  32  3:13  Overlord  
  32  3:16  Drone  
  32  3:19  Drone  
  34  3:30  Roach  
  34  3:31  Roach x2  
  40  3:35  Roach  
  42  3:43  Lair  
  42  3:48  Overlord  
  42  3:52  Overlord  
  42  3:55  Zergling x2  
  43  3:58  Zergling x2  
  44  4:06  Zergling x2, Drone x2  
  44  4:08  Drone  
  48  4:10  Drone  
  48  4:13  Drone  
  50  4:18  Overlord  
  50  4:21  Roach  
  52  4:25  Roach  
  52  4:29  Roach  
  56  4:31  Roach  
  56  4:35  Overlord  
  58  4:42  Drone  
  58  4:44  Drone  
  60  4:46  Hydralisk Den, Drone  
  60  4:49  Roach  
  60  4:52  Roach  
  64  4:56  Overlord  
  64  5:02  Drone  
  64  5:04  Drone  
  64  5:06  Drone  
  67  5:08  Drone  
  67  5:10  Drone  
  67  5:12  Drone  
  67  5:14  Drone, Hydralisk  
  71  5:17  Hydralisk  
  71  5:21  Overlord  
  75  5:23  Drone  
  75  5:25  Drone  
  77  5:28  Drone  
  77  5:33  Drone  
  77  5:34  Infestation Pit  
  78  5:37  Drone  
  78  5:39  Drone  
  78  5:40  Drone  
  81  5:43  Overlord  
  81  5:44  Ravager  
  81  5:45  Ravager  
  81  5:47  Roach  
  81  5:49  Roach  
  86  5:51  Zergling x2  
  86  5:53  Hydralisk  
  89  6:01  Hydralisk, Overlord  
  89  6:03  Roach  
  93  6:05  Roach  
  93  6:07  Roach  
  93  6:09  Metabolic Boost  
  97  6:11  Infestor  
  99  6:19  Infestor, Overlord  
  99  6:20  Zergling x4  
  103  6:25  Extractor  
  103  6:29  Extractor  
  103  6:30  Drone  
  102  6:38  Infestor, Evolution Chamber, Overlord  
  102  6:39  Drone  
  104  6:47  Drone  
  104  6:48  Drone  
  104  6:50  Evolution Chamber  
  104  6:51  Drone x2  
  104  6:52  Drone x2  
  109  6:58  Evolution Chamber  
  109  6:59  Infestor  
  109  7:00  Overlord  
  110  7:07  Spine Crawler  
  109  7:11  Spine Crawler  
  109  7:12  Drone  
  109  7:14  Zerg Melee Weapons Level 1  
  109  7:15  Overseer  
  109  7:23  Zerg Missile Weapons Level 1  
  108  7:38  Zerg Ground Armor Level 1  
  108  7:41  Hatchery, Hydralisk  
  109  7:46  Hydralisk  
  109  7:50  Spore Crawler  
  110  7:52  Spore Crawler  
  110  7:53  Drone  
  110  8:03  Lurker Den  
  110  8:04  Drone  
  110  8:14  Spine Crawler  
  110  8:15  Drone  
  110  8:17  Ravager  
  113  8:20  Roach  
  113  8:23  Zergling x2  
  113  8:24  Zergling x2  
  113  8:26  Zergling x4  
  111  8:27  Zergling x2  
  111  8:28  Zergling x4  
  111  8:29  Roach  
  111  8:31  Roach  
  111  8:34  Roach, Overlord  
  115  8:35  Ravager  
  115  8:36  Roach  
  115  8:38  Roach  
  120  8:54  Spine Crawler, Queen, Drone  
  120  8:55  Drone x2  
  123  8:56  Drone x2  
  123  8:57  Overlord  
  123  8:58  Drone x3  
  123  8:59  Drone  
  123  9:02  Lurker  
  131  9:04  Drone  
  131  9:06  Drone x3  
  131  9:07  Drone  
  131  9:09  Drone  
  137  9:12  Extractor  
  137  9:14  Drone x2  
  137  9:15  Drone  
  137  9:16  Drone  
  140  9:19  Overlord  
  140  9:21  Drone  
  141  9:25  Lurker, Hydralisk  
  141  9:29  Hydralisk  
  146  9:32  Hive  
  146  9:35  Drone  
  146  9:36  Drone  
  148  9:38  Drone, Overlord  
  149  9:54  Extractor, Drone  
  149  9:58  Overlord  
  149  10:15  Spine Crawler  
  149  10:17  Drone x3  
  151  10:21  Spire  
  151  10:27  Queen  
  150  10:34  Spine Crawler  
  150  10:35  Hatchery, Drone  
  150  10:36  Drone  
  150  10:39  Spore Crawler  
  147  10:43  Infestor, Viper  
  147  10:46  Zergling x10  
  147  10:47  Zergling x2  
  149  10:55  Zergling x4  
  151  11:06  Spine Crawler  
  151  11:09  Spine Crawler  
Show
View Real Time Build Order
Export as new Build Order

A.I. 3 (Harder) Terran 

Build Orders:  

Get SALT Encoding   

  12  0:01  SCV  
  13  0:13  SCV  
  14  0:18  Supply Depot  
  14  0:25  SCV  
  15  0:39  SCV  
  16  0:44  Barracks  
  16  0:48  Refinery  
  16  0:51  SCV  
  17  1:04  SCV  
  18  1:16  SCV  
  19  1:20  Supply Depot  
  19  1:28  SCV  
  19  1:31  Marine  
  21  1:40  Barracks  
  21  1:41  Orbital Command  
  21  1:48  Refinery  
  21  1:49  Barracks Tech Lab  
  21  2:08  Marauder  
  23  2:09  Supply Depot  
  23  2:29  Marine  
  24  2:30  Marine  
  25  2:38  Supply Depot  
  25  2:47  Marauder  
  25  2:48  Marine  
  28  3:06  Marine  
  28  3:09  Marauder  
  28  3:12  Supply Depot  
  31  3:20  SCV  
  31  3:24  Marine  
  33  3:30  Marauder  
  33  3:32  SCV  
  33  3:33  Engineering Bay  
  36  3:42  Marine  
  36  3:44  SCV  
  38  3:51  Marauder  
  40  3:56  SCV  
  40  3:59  Marine  
  40  4:02  Supply Depot  
  42  4:08  SCV  
  43  4:13  Marauder  
  45  4:21  SCV  
  46  4:34  Marauder  
  48  4:56  Marauder  
  50  5:43  Barracks Tech Lab  
  50  5:44  Marine, Stimpack  
  50  5:45  Factory, Terran Infantry Weapons Level 1  
  50  5:47  Factory  
  51  5:51  Supply Depot  
  50  6:00  Command Center  
  50  6:01  Combat Shield  
  50  6:02  Marine  
  50  6:03  Marine  
  51  6:20  Marine  
  51  6:21  Marine  
  44  6:30  Factory Tech Lab  
  44  6:31  Factory Tech Lab  
  30  6:33  Starport  
  30  6:37  Marine, Starport  
  33  6:40  Marauder  
  33  6:55  Marine  
  33  6:57  Siege Tank  
  37  7:04  Marine  
  38  7:10  Missile Turret  
  38  7:11  Starport Tech Lab, Siege Tank  
  38  7:12  SCV x2  
  38  7:13  Missile Turret  
  43  7:18  Marine  
  43  7:24  SCV x2  
  43  7:25  Marine  
  43  7:29  Starport Tech Lab, Refinery  
  46  7:32  Refinery  
  46  7:36  SCV x2  
  50  7:37  Marauder  
  50  7:39  Terran Infantry Armor Level 1  
  50  7:40  Siege Tank  
  53  7:44  Raven  
  53  7:47  Marine  
  53  7:48  SCV  
  53  7:49  SCV  
  58  7:57  Marine  
  59  8:00  SCV  
  59  8:01  SCV  
  63  8:05  Marauder  
  63  8:06  Concussive Shells  
  63  8:09  Cyclone  
  67  8:12  SCV, Bunker  
  67  8:13  SCV  
  67  8:16  Marauder  
  67  8:17  Raven  
  71  8:24  SCV, Missile Turret  
  71  8:25  SCV  
  73  8:32  Missile Turret  
  73  8:37  SCV x2  
  75  8:49  SCV, Sensor Tower  
  75  8:53  SCV, Armory  
  77  9:00  Supply Depot  
  77  9:01  SCV  
  78  9:05  SCV  
  78  9:08  Bunker  
  79  9:13  SCV  
  80  9:17  SCV  
  80  9:22  Barracks  
  81  9:25  SCV  
  81  9:29  SCV  
  83  10:09  Marine, Medivac x2  
  83  10:12  Marine  
  83  10:14  Factory  
  89  10:15  Marine  
  89  10:16  Starport  
  89  10:17  Command Center  
  89  10:19  Supply Depot  
  90  10:33  Marine  
  90  10:35  Barracks Reactor  
  91  10:37  Marauder  
  91  10:39  Medivac  
  91  10:45  Supply Depot  
  84  10:51  Marine  
  84  10:54  Starport Reactor  
  84  10:57  Factory Tech Lab  
  84  10:58  Marine  
  87  11:19  Ghost Academy  
Tags
 
Add a new tag
Caveats
  • Supply blocks, unpowered buildings, or Contaminate may cause inaccurate times.
  • Supply counts are checked every 10 seconds.